Map: Simulacrum LE

Players

diamremREWES - Winner!

  • Race: Zerg Zerg
  • League: Diamond
  • Spawn Location: 11:00

ruabags

  • Race: Zerg Zerg
  • League: Diamond
  • Spawn Location: 5:00

VOD

Have the link to the VOD?

Description

Time

  • Played on: Dec. 1, 2019, 6:07 p.m.
  • Length: 10:39
Show
View Real Time Build Order
Export as new Build Order

diamremREWES Zerg - Winner!

Build Orders: Pool First 

Get SALT Encoding   

  12  0:01  Drone  
  13  0:08  Drone  
  14  0:34  Overlord, Spawning Pool  
  13  0:40  Drone  
  14  0:57  Drone  
  15  1:16  Extractor  
  15  1:26  Zergling x6  
  18  1:36  Hatchery  
  17  1:40  Zergling x2  
  18  2:09  Spine Crawler  
  18  2:11  Spine Crawler  
  18  2:12  Spine Crawler  
  18  2:14  Spine Crawler  
  14  2:16  Drone  
  16  2:30  Drone x2  
  16  2:52  Drone x3  
  16  2:57  Queen  
  21  3:04  Drone  
  22  3:07  Extractor  
  22  3:09  Extractor  
  18  3:27  Drone  
  18  3:28  Drone  
  18  3:32  Spine Crawler, Queen  
  21  3:47  Drone x2  
  23  4:01  Roach Warren  
  23  4:02  Drone  
  23  4:11  Drone  
  24  4:19  Overlord  
  24  4:25  Drone  
  25  4:44  Drone x2  
  27  4:50  Roach x2  
  27  4:51  Roach  
  33  5:03  Roach  
  33  5:05  Overlord x2  
  35  5:19  Overlord x2  
  37  5:50  Roach x3  
  39  6:02  Hatchery  
  39  6:03  Roach  
  40  6:15  Roach x2  
  44  6:18  Lair  
  44  6:28  Roach  
  46  6:35  Roach x3  
  52  6:53  Roach  
  52  6:54  Roach  
  58  7:21  Roach x4, Glial Reconstitution  
  64  7:26  Roach x2  
  68  7:43  Overlord  
  68  7:57  Overlord x2  
  68  8:04  Roach x4  
  76  8:24  Roach x3  
  82  8:30  Roach  
  82  8:31  Roach x2  
  88  8:45  Nydus Network  
  87  8:49  Drone  
  87  8:53  Roach  
  90  9:04  Roach  
  92  9:15  Overlord x2  
Show
View Real Time Build Order
Export as new Build Order

ruabags Zerg 

Build Orders: Hatch First 

Get SALT Encoding   

  12  0:01  Drone  
  13  0:12  Overlord  
  13  0:17  Drone  
  14  0:30  Drone x2  
  14  0:34  Drone  
  17  0:45  Drone  
  18  0:56  Hatchery  
  17  0:59  Drone  
  17  1:02  Extractor  
  17  1:16  Spawning Pool  
  17  1:17  Drone  
  17  1:20  Drone  
  18  1:28  Drone  
  19  1:38  Overlord  
  19  2:03  Zergling x4  
  19  2:04  Queen  
  19  2:06  Metabolic Boost  
  23  2:11  Spine Crawler  
  23  2:15  Zergling x4  
  24  2:21  Zergling x2  
  25  2:28  Zergling x2  
  26  2:35  Zergling x2  
  26  2:36  Zergling x2  
  26  2:41  Zergling x2  
  26  2:55  Drone  
  27  3:02  Roach Warren  
  27  3:03  Drone  
  27  3:09  Zergling x2  
  29  3:19  Zergling x2  
  29  3:33  Overlord  
  29  3:55  Roach x2  
  33  3:58  Roach  
  35  4:13  Roach  
  37  4:17  Ravager  
  37  4:21  Overlord  
  38  4:29  Ravager  
  37  4:37  Ravager  
  38  4:57  Roach x4  
  46  5:12  Overlord  
  36  6:24  Drone  
  37  6:39  Lair  
  37  7:02  Spore Crawler  
  37  7:06  Drone  
  37  7:07  Drone x3  
  37  7:08  Extractor  
  39  7:35  Zergling x2  
  39  7:36  Zergling x10  
  45  7:37  Hatchery  
  44  8:02  Drone x2  
  44  8:03  Drone x2  
  48  8:07  Queen  
  48  8:10  Extractor, Hatchery  
  48  8:11  Extractor  
  47  8:21  Hydralisk Den  
  46  8:33  Drone x4  
  50  8:35  Overlord  
  50  8:50  Drone x5  
  55  9:13  Spine Crawler x2  
  55  9:14  Spine Crawler x3  
  55  9:15  Spine Crawler  
  49  9:18  Spine Crawler x2  
  49  9:20  Spine Crawler  
  46  9:25  Hydralisk x3  
  46  9:26  Hydralisk x5  
  46  9:27  Hydralisk x3  
  68  9:32  Hydralisk  
  60  9:41  Hydralisk  
  30  10:01  Hydralisk x2  
  30  10:02  Roach  
  34  10:08  Hydralisk  
Tags
 
Add a new tag
Caveats
  • Supply blocks, unpowered buildings, or Contaminate may cause inaccurate times.
  • Supply counts are checked every 10 seconds.